 Dungeon Crawl Stone Soup version 0.14-a0-1837-g7fb8695 (webtiles) character file.

159 M4edhros the Vexing (level 4, -5/28 HPs)
             Began as an Octopode Arcane Marksman on Jan 10, 2014.
             Slain by a scorpion (7 damage)
             ... on Level 2 of the Dungeon.
             The game lasted 00:03:06 (1334 turns).

M4edhros the Vexing (Octopode Arcane Marksman)      Turns: 1334, Time: 00:03:06

HP  -5/28        AC  1     Str 15      XL: 4   Next: 95%
MP   7/8         EV 12     Int 16      God:
Gold 47          SH  0     Dex 11      Spells:  1 memorised,  7 levels left

rFire  . . .     SeeInvis .     a - +1 sling
rCold  . . .     Clarity  .     (no shield)
rNeg   . . .     Conserve .     (helmet restricted)
rPois  .         rCorr    .     (no amulet)
rElec  .         rRot     .     (no ring)
SustAb . .       Spirit   .     (no ring)
rMut   .         Warding  .     (no ring)
Saprov . . .     Stasis   .     (no ring)
                                (no ring)
                                (no ring)
                                (no ring)
                                (no ring)

@: mighty, slightly resistant to hostile enchantments, fairly stealthy
A: almost no armour, amphibious, 8 rings, constrict 8, camouflage 1, gelatinous
body 1
a: no special abilities


You were on level 2 of the Dungeon.
You were very hungry.

You visited 1 branch of the dungeon, and saw 3 of its levels.

You collected 47 gold pieces.

Inventory:

Hand weapons
 a - a +1,+1 sling (weapon)
Missiles
 c - 40 sling bullets
 r - 10 stones (quivered)
Comestibles
 f - a bread ration
 k - 2 pears
 m - an orange
Scrolls
 g - a scroll of recharging {unknown}
 j - a scroll of teleportation {unknown}
 l - 2 scrolls of identify {unknown}
 n - 2 scrolls of curse weapon {unknown}
 p - 2 scrolls of amnesia {unknown}
 q - a scroll of enchant armour {unknown}
 s - a scroll of magic mapping {unknown}
Books
 d - a book of Debilitation

   Spells                             Type                      Level
   *Corona                            Hexes                        1
   Slow                               Hexes                        2
   Inner Flame                        Hexes/Fire                   3
   Enslavement                        Hexes                        4
   Cause Fear                         Hexes                        4
   Leda's Liquefaction                Hexes/Earth                  4
 o - a book of Death

   Spells                             Type                      Level
   Corpse Rot                         Necromancy                   2
   Sublimation of Blood               Necromancy                   2
   Agony                              Necromancy                   5
   Dispel Undead                      Necromancy                   5
   Excruciating Wounds                Charms/Necromancy            5
   Bolt of Draining                   Conjuration/Necromancy       5


   Skills:
 - Level 1.0 Fighting
 + Level 2.6 Slings
 + Level 2.8 Dodging
 * Level 2.5 Spellcasting
 + Level 3.8 Hexes


You had 7 spell levels left.
You knew the following spells:

 Your Spells              Type           Power        Failure   Level  Hunger
a - Corona                Hex            ##.....      6%          1    #......


Dungeon Overview and Level Annotations

Branches:
Dungeon (3/16)

Altars:

Annotations:
D:3 Sigmund


Innate Abilities, Weirdness & Mutations

You cannot wear most types of armour.
You are amphibious.
You can wear up to eight rings at the same time.
You can use your tentacles to constrict many enemies at once.
Your skin changes colour to match your surroundings (Stlth).
Your rubbery body absorbs attacks (AC +1).


Message History

The hound closely misses you.
Really attack while wielding your +1,+1 sling?
You clumsily bash the hound.
You grab the hound. You squeeze the hound.
The hound is heavily wounded.
You constrict the hound. The hound bites you. The hound closely misses you.
The hound bites you.
You clumsily bash the hound.
Your squeeze misses the hound.
The hound is almost dead.
You constrict the hound.
You kill the hound!
The scorpion stings you.
You clumsily bash the scorpion.
Your grab misses the scorpion.
The scorpion is lightly wounded.
The scorpion stings you!
You clumsily bash the scorpion.
You grab the scorpion.
The scorpion is moderately wounded.
You constrict the scorpion. The scorpion stings you!
* * * LOW HITPOINT WARNING * * *
The scorpion stings you!
You die...

........# #.#.##.##.# #.#
#.# # .####.#.###.#.##.##.#
#.# #.# # #.##............#
#.# #.# ## # ######.##.####
#.# #.###. #.##.#######.#
#....# #.##.........#
#####. #.############ ##
#.)..# # ####@# #
##########s################
#..........>........)....##
#.######............####.##
#.# ##..########)####.##
#.# #..# #.##..... #.# #..#
#%##.#.## #.# #..#
#.##.#.## #.#
#..########.##.#...


You could see a scorpion.

Vanquished Creatures
  A hound (D:2)
  3 adders
  2 gnolls
  A ball python (D:1)
  2 hobgoblins (D:2)
  4 jackals (D:2)
  3 kobolds (D:2)
  A quokka (D:2)
  6 bats
  2 giant cockroaches (D:2)
  2 giant geckos
  2 giant newts
  4 goblins
  3 rats
36 creatures vanquished.

Notes
Turn   | Place    | Note
--------------------------------------------------------------
     0 | D:1      | M4edhros, the Octopode Arcane Marksman, began the quest for the Orb.
     0 | D:1      | Reached XP level 1. HP: 13/13 MP: 2/2
   158 | D:2      | Reached XP level 2. HP: 18/18 MP: 3/3
   451 | D:2      | Reached XP level 3. HP: 23/23 MP: 5/5
   725 | D:3      | Noticed Sigmund
   725 | D:3      | Reached XP level 4. HP: 23/28 MP: 7/7
  1334 | D:2      | Slain by a scorpion

Action                   |  1- 3 |  4- 6 || total
-------------------------+-------+-------++-------
Melee: Sling             |       |     7 ||     7
 Fire: Sling             |    50 |    33 ||    83
  Use: Potion            |       |     6 ||     6
